Map: Simulacre EC

Players

justobit - Winner!

  • Race: Protoss Protoss
  • League: Platinum
  • Spawn Location: 5:00

Alcubierre

  • Race: Zerg Zerg
  • League: Platinum
  • Spawn Location: 11:00

VOD

Have the link to the VOD?

Description

Time

  • Played on: March 4, 2020, 5:39 p.m.
  • Length: 26:07
Show
View Real Time Build Order
Export as new Build Order

justobit Protoss - Winner!

Build Orders: Zealot Archon 

Get SALT Encoding   

  12  0:01  Probe  
  13  0:13  Probe  
  14  0:20  Pylon  
  14  0:25  Probe  
  15  0:38  Probe (Chrono Boost)  
  15  0:41  Gateway  
  17  0:50  Assimilator, Probe (Chrono Boost)  
  17  0:56  Probe (Chrono Boost)  
  18  1:04  Probe  
  18  1:10  Assimilator  
  19  1:17  Probe  
  20  1:21  Gateway  
  20  1:29  Probe  
  21  1:38  Cybernetics Core  
  21  1:41  Probe  
  22  1:53  Probe  
  23  1:57  Pylon  
  23  2:12  Nexus  
  23  2:17  Warp Gate  
  23  2:20  Zealot (Chrono Boost)  
  27  2:32  Adept (Chrono Boost)  
  27  2:38  Probe (Chrono Boost)  
  27  2:41  Pylon  
  28  2:50  Adept  
  30  2:55  Pylon  
  30  3:02  Twilight Council  
  30  3:04  Probe  
  31  3:13  Adept  
  31  3:16  Probe  
  34  3:20  Adept  
  36  3:31  Probe (Chrono Boost), Robotics Facility  
  37  3:40  Probe (Chrono Boost)  
  38  3:44  Probe (Chrono Boost)  
  38  3:47  Adept  
  41  3:51  Probe (Chrono Boost), Adept  
  44  4:00  Probe (Chrono Boost)  
  45  4:03  Probe (Chrono Boost)  
  46  4:13  Probe (Chrono Boost)  
  46  4:15  Probe (Chrono Boost)  
  48  4:19  Observer  
  48  4:21  Probe (Chrono Boost)  
  48  4:22  Probe (Chrono Boost)  
  51  4:27  Gateway  
  51  4:29  Gateway  
  51  4:35  Charge  
  51  4:38  Stalker  
  51  4:40  Stalker  
  51  4:41  Probe  
  56  4:53  Immortal (Chrono Boost)  
  60  5:08  Templar Archives  
  60  5:10  Forge  
  60  5:12  Probe  
  60  5:13  Probe  
  60  5:14  Forge  
  62  5:20  Pylon  
  62  5:26  Assimilator  
  62  5:30  Assimilator  
  62  5:38  Probe x2  
  64  5:43  Protoss Ground Weapons Level 1 (Chrono Boost), Immortal  
  64  5:45  Protoss Ground Armor Level 1 (Chrono Boost)  
  68  5:51  Probe x2  
  70  6:00  Pylon  
  70  6:01  Pylon  
  69  6:18  Probe  
  69  6:19  Probe  
  69  6:25  High Templar  
  73  6:28  Zealot x2  
  73  6:30  Probe  
  78  6:37  Pylon  
  78  6:41  Pylon  
  78  6:47  Gateway  
  78  6:48  Gateway  
  78  6:49  Pylon  
  78  6:51  Pylon, Gateway  
  78  6:53  Psionic Storm  
  78  6:56  Gateway, High Templar  
  80  7:03  Probe x2  
  80  7:05  Archon  
  80  7:07  High Templar  
  84  7:10  Zealot x2  
  84  7:15  Probe x2, Warp Prism (Chrono Boost)  
  92  7:27  Probe x2  
  94  7:35  High Templar x2  
  98  7:39  Archon  
  98  7:46  Zealot x2  
  98  7:47  Zealot x2  
  98  7:48  Zealot  
  108  7:54  Probe x2  
  108  7:55  Protoss Ground Armor Level 2 (Chrono Boost)  
  110  8:03  Pylon  
  110  8:04  Protoss Ground Weapons Level 2 (Chrono Boost)  
  109  8:22  Nexus  
  109  8:26  Zealot x4  
  117  8:32  Pylon  
  117  8:34  Pylon  
  117  8:38  Pylon  
  118  8:55  Probe  
  118  8:57  Probe  
  118  9:01  High Templar x4  
  127  9:05  Zealot x4  
  127  9:07  Archon x2, Probe  
  137  9:10  Probe  
  137  9:23  Observer  
  138  9:33  Robotics Facility  
  138  9:44  Observer  
  138  9:50  High Templar x2  
  138  9:51  Zealot x5  
  138  9:52  Zealot  
  154  9:53  Assimilator  
  154  9:54  Archon  
  154  9:56  Assimilator  
  154  10:12  Probe  
  154  10:13  Probe x2  
  157  10:30  Pylon  
  157  10:33  Pylon  
  157  10:35  Pylon  
  157  10:37  Pylon  
  157  10:43  Gateway  
  157  10:45  Gateway x2  
  157  10:47  Gateway  
  157  10:48  Probe x3  
  157  10:49  Immortal  
  164  10:51  Gateway, Immortal  
  168  11:00  Probe x3  
  130  11:23  High Templar x2  
  130  11:24  High Templar x5  
  130  11:27  Zealot  
  130  11:28  Archon x3  
  132  11:44  Zealot x3  
  132  11:45  Zealot  
  140  12:02  Zealot x6  
  140  12:03  Zealot x3  
  134  12:23  Zealot x4  
  134  12:24  Zealot x3  
  126  13:02  Stalker x3  
  126  13:03  Stalker x4  
  126  13:04  Stalker x3, Protoss Ground Armor Level 3 (Chrono Boost), Protoss Ground Weapons Level 3 (Chrono Boost)  
  126  13:05  Stalker  
  146  13:07  Stalker  
  146  13:08  Stalker  
  150  13:30  Robotics Bay  
  150  13:36  Nexus  
  150  13:38  Assimilator  
  150  13:43  Assimilator  
  142  14:08  Observer  
  142  14:13  Stalker x5  
  142  14:14  Stalker x5  
  142  14:15  Stalker x3  
  142  14:16  Blink (Chrono Boost)  
  168  14:29  Extended Thermal Lance  
  176  14:42  Warp Prism  
  176  14:44  Warp Prism  
  127  15:36  Zealot x3  
  127  15:37  Zealot x6  
  127  15:38  Zealot x4  
  145  16:09  Gravitic Drive  
  145  16:19  Protoss Shields Level 1 (Chrono Boost)  
  145  16:24  Colossus  
  145  16:25  Colossus  
  157  16:26  Pylon  
  157  16:29  Pylon  
  157  16:31  Stalker  
  159  16:41  High Templar x2  
  159  16:42  High Templar x5  
  159  16:43  High Templar x4  
  159  16:44  High Templar  
  183  16:57  Archon x2  
  183  16:58  Archon x2  
  183  16:59  Archon x2  
  183  17:02  Zealot  
  183  17:06  Gravitic Boosters  
  185  17:13  Photon Cannon  
  185  17:14  Photon Cannon, Shield Battery  
  185  17:15  Shield Battery  
  185  17:18  Shield Battery  
  185  17:19  Observer x2  
  187  17:40  Observer x2  
  185  18:32  Stargate x2  
  185  18:34  Stargate x2  
  185  19:06  Nexus  
  185  19:08  Pylon  
  185  19:11  Pylon  
  185  19:15  Assimilator  
  185  19:19  Assimilator  
  185  19:20  Void Ray  
  185  19:21  Void Ray x2  
  153  19:49  Stalker x3  
  153  19:50  Zealot, Stalker x2  
  153  19:51  Zealot x4  
  153  19:52  Zealot x2  
  177  20:04  Void Ray  
  177  20:05  Void Ray x2  
  189  20:08  Void Ray  
  183  20:26  Protoss Air Weapons Level 1 (Chrono Boost)  
  169  20:48  Photon Cannon  
  169  20:49  Photon Cannon x2  
  151  20:50  Pylon  
  151  20:52  Photon Cannon  
  151  20:53  Shield Battery  
  151  20:54  Photon Cannon, Shield Battery  
  113  20:57  Photon Cannon  
  113  21:00  Shield Battery  
  105  21:05  High Templar x5  
  105  21:06  High Templar x5  
  105  21:07  High Templar  
  105  21:09  Archon x2  
  105  21:10  Archon x3  
  127  21:22  Void Ray x3  
  138  21:49  Protoss Shields Level 2 (Chrono Boost)  
  138  21:56  Void Ray  
  142  22:14  Zealot x2  
  142  22:15  Zealot x4  
  150  22:16  Zealot x6  
  150  22:17  Zealot  
  168  22:38  Fleet Beacon  
  168  22:41  Cybernetics Core  
  168  22:47  Void Ray x3  
  168  22:48  Void Ray  
  184  22:52  Protoss Air Armor Level 1 (Chrono Boost)  
  184  22:54  Nexus  
  184  22:57  Assimilator  
  184  23:01  Assimilator  
  184  23:02  Pylon  
  184  23:05  Pylon  
  178  23:30  Zealot  
  178  23:31  Zealot x4  
  178  23:32  Zealot x4  
  166  24:19  High Templar x3  
  166  24:21  High Templar x6  
  166  24:22  High Templar  
  186  24:25  Archon x3  
  156  24:55  Zealot x5  
  156  24:56  Zealot x4  
  156  24:57  Zealot x3  
  180  25:02  Warp Prism x2  
  152  25:28  Archon  
  152  25:29  Archon  
  152  25:31  High Templar x2  
  152  25:32  High Templar x4  
  152  25:34  Zealot x4  
  152  25:35  Zealot x3  
  178  25:38  Archon x3  
  176  25:58  Zealot x6  
  176  25:59  Zealot  
Show
View Real Time Build Order
Export as new Build Order

Alcubierre Zerg 

Build Orders: Hatch First, Lurkers 

Get SALT Encoding   

  12  0:01  Drone  
  13  0:13  Overlord  
  13  0:17  Drone  
  14  0:31  Drone x2  
  14  0:35  Drone  
  17  0:53  Hatchery  
  17  0:56  Drone  
  17  1:07  Drone  
  17  1:08  Drone  
  19  1:20  Spawning Pool  
  19  1:22  Extractor  
  17  1:29  Drone  
  17  1:32  Drone  
  19  1:40  Drone  
  20  1:53  Overlord  
  20  2:10  Zergling x4  
  20  2:12  Queen x2  
  20  2:14  Drone  
  27  2:19  Drone  
  28  2:33  Hatchery, Drone  
  28  2:37  Drone  
  29  2:49  Drone  
  30  2:55  Drone x2  
  30  2:56  Roach Warren  
  31  3:13  Queen  
  31  3:16  Lair  
  31  3:18  Drone x2  
  35  3:21  Overlord  
  35  3:37  Drone  
  36  3:43  Drone x3  
  36  3:44  Evolution Chamber, Drone  
  36  3:45  Overlord  
  36  3:46  Evolution Chamber  
  38  3:59  Queen  
  40  4:15  Overlord x3  
  40  4:23  Roach x3  
  40  4:24  Roach x2  
  50  4:25  Roach  
  50  4:30  Hydralisk Den, Drone  
  52  4:36  Zerg Missile Weapons Level 1  
  52  4:46  Extractor x2  
  50  4:57  Roach x2  
  54  5:05  Zergling x2  
  54  5:06  Zergling x8  
  59  5:20  Drone x4  
  66  5:21  Drone x9  
  72  5:37  Hydralisk  
  72  5:38  Hydralisk x2  
  72  5:41  Overlord  
  78  5:44  Drone  
  78  5:45  Drone  
  80  5:58  Glial Reconstitution  
  80  6:16  Hydralisk  
  80  6:17  Hydralisk x3  
  88  6:25  Drone  
  88  6:26  Drone  
  88  6:27  Overlord x3  
  88  6:28  Overlord x2  
  90  6:33  Extractor  
  90  6:34  Extractor  
  90  6:39  Hydralisk  
  90  6:43  Grooved Spines  
  90  6:57  Queen  
  92  7:01  Drone x9  
  92  7:02  Drone x6  
  107  7:10  Hydralisk x2  
  111  7:16  Zerg Missile Weapons Level 2  
  111  7:27  Overseer  
  111  7:30  Overseer  
  111  7:49  Hydralisk x5  
  121  7:54  Muscular Augments  
  121  7:59  Overlord x4  
  121  8:00  Overlord x2  
  121  8:03  Pneumatized Carapace  
  121  8:26  Drone  
  121  8:27  Drone x11  
  133  8:39  Hatchery  
  132  8:51  Hydralisk x10  
  152  8:57  Spire  
  152  8:59  Extractor  
  150  9:10  Hydralisk x4  
  158  9:25  Lurker Den  
  157  9:57  Drone x3  
  157  9:58  Infestation Pit  
  157  9:59  Hydralisk  
  159  10:00  Hydralisk x3  
  159  10:03  Overlord x3  
  159  10:04  Overlord x3  
  159  10:06  Overseer x2  
  167  10:07  Overseer  
  167  10:11  Zerg Flyer Weapons Level 1  
  167  10:31  Corruptor x4  
  167  10:32  Corruptor x2  
  179  10:44  Metabolic Boost  
  136  11:21  Hydralisk  
  136  11:22  Hydralisk x13  
  136  11:23  Zergling x2  
  136  11:24  Zergling x16  
  129  11:31  Zergling x4  
  129  11:32  Zergling x2  
  128  11:40  Zerg Ground Armor Level 1  
  128  11:47  Hydralisk x2  
  128  11:48  Hydralisk x4  
  140  11:54  Extractor, Hatchery  
  138  12:08  Hydralisk x6  
  134  12:18  Hydralisk x3  
  134  12:19  Zergling x6  
  134  12:20  Zergling x10  
  136  12:32  Zergling x4  
  136  12:33  Zergling x14  
  141  12:42  Zergling x4  
  141  12:43  Zergling x6  
  112  12:52  Hydralisk x5  
  104  13:07  Hydralisk x11  
  119  13:16  Hydralisk x3  
  125  13:22  Lurker  
  126  13:29  Zergling x6  
  126  13:30  Zergling x8  
  130  13:45  Lurker  
  111  14:02  Hydralisk x9  
  124  14:27  Hydralisk x4  
  124  14:29  Extractor, Hatchery  
  130  14:32  Spore Crawler  
  129  14:47  Lurker x3  
  129  14:49  Zergling x2  
  129  14:50  Zergling x8  
  137  14:58  Hive  
  115  15:36  Zergling x8  
  115  15:37  Zergling x4  
  120  15:56  Drone x2  
  122  16:01  Hatchery  
  121  16:06  Drone x3  
  121  16:10  Lurker x2  
  121  16:11  Hatchery x2, Lurker x6  
  129  16:16  Zergling x4  
  129  16:17  Zergling x4  
  134  16:21  Zerg Melee Weapons Level 1  
  134  16:49  Adaptive Talons  
  134  17:03  Hydralisk  
  134  17:04  Hydralisk x4  
  134  17:05  Zergling x2  
  145  17:19  Extractor  
  145  17:21  Zerg Missile Weapons Level 3  
  144  17:23  Spore Crawler  
  144  17:24  Extractor  
  142  17:31  Overseer  
  142  17:35  Hydralisk  
  142  17:36  Hydralisk x2  
  148  17:38  Zergling x8  
  148  17:39  Zergling x12  
  158  18:19  Hydralisk  
  157  18:20  Hydralisk x4  
  157  18:22  Overlord x4  
  157  18:23  Overlord x2  
  165  18:42  Hydralisk x8  
  165  18:43  Hydralisk  
  165  18:45  Zergling x2  
  165  18:47  Zergling x2  
  87  19:41  Hydralisk  
  87  19:42  Hydralisk x13  
  87  19:43  Zergling x2  
  87  19:44  Zergling x2  
  117  19:59  Hydralisk  
  117  20:00  Hydralisk x3  
  123  20:20  Overseer x2  
  123  20:49  Hydralisk  
  113  20:50  Hydralisk x10  
  118  20:59  Zergling x4  
  118  21:00  Zergling x4  
  122  21:06  Zergling x8  
  122  21:08  Drone  
  127  21:12  Drone  
  127  21:17  Queen  
  128  21:19  Hydralisk  
  130  21:37  Drone x4  
  130  21:38  Drone x5  
  140  21:40  Drone  
  140  21:55  Greater Spire  
  140  22:14  Zergling x12  
  140  22:15  Zergling x12  
  152  22:16  Zergling x6  
  149  22:25  Hydralisk x2  
  150  22:37  Zergling x14  
  153  22:38  Zergling x4  
  159  22:56  Queen  
  160  23:14  Hatchery  
  160  23:18  Hydralisk x7  
  160  23:19  Hydralisk x2  
  175  23:20  Zergling x2  
  176  23:45  Overlord x3  
  159  23:59  Hydralisk x3  
  159  24:00  Hydralisk x5  
  114  24:47  Zergling x8  
  114  24:48  Zergling x32  
  87  25:27  Zergling x4  
  87  25:28  Zergling x24  
  90  25:35  Lurker x2  
  90  25:37  Lurker  
Tags
 
Add a new tag
Caveats
  • Supply blocks, unpowered buildings, or Contaminate may cause inaccurate times.
  • Supply counts are checked every 10 seconds.